 Dungeon Crawl Stone Soup version 0.28-b1-25-g9875b3fc8c (webtiles) character file.

Game seed: 16201902158366960729

3158 lordive the Destroyer (level 9, -13/46 HPs)
             Began as a Tengu Conjurer on Feb 1, 2022.
             Was an Initiate of Vehumet.
             Mangled by a hornet (15 damage)
             ... while paralysed by a hornet
             ... on level 8 of the Dungeon.
             The game lasted 00:19:36 (10709 turns).

lordive the Destroyer (Tengu Conjurer)             Turns: 10709, Time: 00:19:37

Health: -13/46     AC:  4    Str:  9    XL:     9   Next: 94%
Magic:  15/22      EV:  2    Int: 22    God:    Vehumet [......]
Gold:   285        SH:  0    Dex: 12    Spells: 22/25 levels left

rFire   . . .      SeeInvis +   (no weapon)
rCold   . . .      Faith    .   (no shield)
rNeg    . . .      Spirit   .   a - +0 robe
rPois   .          Reflect  .   (helmet restricted)
rElec   .          Harm     .   i - +0 cloak
rCorr   +          Rampage  .   w - +0 pair of gloves
Will    .....                   (boots unavailable)
Stlth   ++........              c - amulet of the acrobat
HPRegen 0.15/turn               k - ring of resist corrosion
MPRegen 0.18/turn               n - ring of see invisible

@: paralysed, lethally poisoned (-13 -> -24), flying quickly and evasively,
slowed, quick
A: beak, talons 3, nimble flight
a: Renounce Religion


You were on level 8 of the Dungeon.
You worshipped Vehumet.
Vehumet was noncommittal.
You visited 2 branches of the dungeon, and saw 9 of its levels.
You also visited: Ossuary.

You collected 311 gold pieces.
You spent 26 gold pieces at shops.

Inventory:

Missiles
 y - 2 throwing nets
Armour
 a - a +0 robe (worn)
 i - a +0 cloak (worn)
 l - a +0 leather armour
 w - a +0 pair of gloves (worn)
Jewellery
 c - an amulet of the acrobat (around neck)
 k - a ring of resist corrosion (left hand)
 n - a ring of see invisible (right hand)
 p - a ring of positive energy
Wands
 f - a wand of mindburst (9)
 r - a wand of flame (15)
 u - a wand of acid (10)
Scrolls
 b - 2 scrolls of blinking
 d - a scroll of holy word
 e - a scroll of enchant armour
 g - 3 scrolls of magic mapping {unknown}
 h - 2 scrolls of summoning {unknown}
 j - a scroll of teleportation {unknown}
 o - a scroll of brand weapon {unknown}
 t - a scroll of immolation {unknown}
Potions
 m - a potion of magic
 s - 2 potions of curing
 v - a potion of resistance
 x - a potion of haste


   Skills:
 + Level 0.7 Fighting
 + Level 4.5 Dodging
 - Level 2.0 Stealth
 + Level 8.7 Spellcasting
 + Level 13.0 Conjurations


You had 22 spell levels left.
You knew the following spells:

 Your Spells              Type           Power      Damage    Failure   Level
a - Magic Dart            Conj           100%       1d8       1%          1
b - Searing Ray           Conj           100%       2d8       1%          2

Your spell library contained the following spells:

 Spells                   Type           Power      Damage    Failure   Level
 Dazzling Flash           Conj/Hex       76%        N/A       1%          3
 Fulminant Prism          Conj/Hex       19%        3d11      4%          4
 Iskenderun's Mystic Bla  Conj/Tloc      38%        2d9       4%          4
 Apportation              Tloc           18%        N/A       7%          1
 Summon Small Mammal      Summ           36%        N/A       7%          1
 Blink                    Tloc           18%        N/A       11%         2
 Ensorcelled Hibernation  Hex/Ice        18%        N/A       11%         2
 Call Canine Familiar     Summ           9%         N/A       21%         3
 Gell's Gravitas          Tloc           9%         N/A       21%         3
 Lesser Beckoning         Tloc           9%         N/A       21%         3
 Spider Form              Tmut/Pois      9%         N/A       21%         3
 Summon Guardian Golem    Hex/Summ       9%         N/A       21%         3
 Teleport Other           Tloc           9%         N/A       21%         3
 Anguish                  Hex/Necr       4%         N/A       56%         4
 Alistair's Intoxication  Tmut/Pois      6%         N/A       88%         5
 Manifold Assault         Tloc           9%         N/A       88%         5
 Dispersal                Tloc           4%         N/A       100%        6


Dungeon Overview and Level Annotations

Branches:
Dungeon (8/15)             Temple (1/1) D:5         Ossuary (visited)
   Lair: D:8-11

Altars:
Cheibriados
Dithmenos
Elyvilon
Fedhas
Gozag
Hepliaklqana
Kikubaaqudgha
Makhleb
Nemelex Xobeh
Qazlal
Ru
Sif Muna
Trog
Uskayaw
Vehumet
Wu Jian
Xom
Yredelemnul
Zin
The Shining One

Shops:
D:4 [   D:5 *   D:6 *


Innate Abilities, Weirdness & Mutations

You have a beak for a mouth.
You have claws for feet.
Your magical nature lets you fly swiftly and evasively.


Message History

The hornet stings you.
You feel yourself slow down. The hornet stings you!
You are poisoned.
You feel as though you will be slow longer.
The hornet stings you!
* * * LOW HITPOINT WARNING * * *
You feel as though you will be slow longer.
You can move again.
Casting: Searing Ray (safe; 1% risk of failure)
Confirm with . or Enter, or press ? or * to list all spells.
Aiming: Searing Ray (safe; 1% risk of failure)
Press: ? - help, Shift-Dir - straight line, f/p - hornet
Aim: a hornet (heavily wounded, 74% to hit)
Okay, then.
You feel much better.
You feel very sick. The hornet barely misses you. The hornet stings you!
* * * LOW HITPOINT WARNING * * *
You feel as though you will be slow longer.
You feel better. The hornet stings you.
You feel as though you will be slow longer.
The hornet barely misses you.
Casting: Searing Ray (safe; 1% risk of failure)
Confirm with . or Enter, or press ? or * to list all spells.
Aiming: Searing Ray (safe; 1% risk of failure)
Press: ? - help, Shift-Dir - straight line, f/p - hornet
Aim: a hornet (heavily wounded, 74% to hit)
The searing ray hits the hornet!
The hornet is severely wounded. (Press . to maintain the ray.)
The hornet stings you.
* * * LOW HITPOINT WARNING * * *
You suddenly lose the ability to move!
The hornet stings you!
* * * LOW HITPOINT WARNING * * *
You are lethally poisoned!
You feel as though you will be slow longer.
* * * LOW HITPOINT WARNING * * *
You feel very sick. The hornet stings you!
You die...

#####.#
#@....#
#.y....#
#.####....
#. .#. ..
..# .. ...


You could see a hornet.

Vanquished Creatures
  Harold (D:7)
  A two-headed ogre (D:6)
  Edmund (D:5)
  A water moccasin (D:6)
  A necrophage (D:3)
  4 ogres
  A kobold brigand (D:7)
  An elf zombie (Ossuary)
  A gnoll sergeant (D:7)
  3 scorpions
  2 howler monkeys (D:7)
  3 human zombies (Ossuary)
  2 orc priests
  A hound (D:6)
  4 jellies
  A bullfrog skeleton (D:6)
  Terence (D:2)
  2 iguanas
  2 orc wizards
  3 mummies
  A howler monkey zombie (D:6)
  Robin (D:2)
  11 gnolls
  5 adders
  4 white imps (D:7)
  2 ufetubi
  An adder zombie (Ossuary)
  2 dart slugs
  19 orcs
  5 ball pythons
  7 endoplasms
  3 giant cockroaches (D:1)
  11 hobgoblins
  5 jackals
  10 kobolds
  3 quokkas
  4 bats
  5 frilled lizards
  17 goblins
  10 hobgoblin zombies (Ossuary)
  A jackal zombie (Ossuary)
  8 kobold zombies (Ossuary)
  10 orc zombies (Ossuary)
  6 rats
  2 rat zombies (Ossuary)
189 creatures vanquished.

Vanquished Creatures (others)
  A butterfly (D:3)
1 creature vanquished.

Grand Total: 190 creatures vanquished

Notes
Turn   | Place    | Note
-------+----------+-------------------------------------------
     0 | D:1      | lordive the Tengu Conjurer began the quest for the Orb.
     0 | D:1      | Reached XP level 1. HP: 10/10 MP: 4/4
   130 | D:1      | Found a faded altar of an unknown god.
   263 | D:1      | Reached XP level 2. HP: 15/15 MP: 1/6
   347 | D:1      | Learned a level 2 spell: Searing Ray
   563 | D:1      | You fall into a shaft and drop 1 floor!
   606 | D:2      | Noticed Terence
   641 | D:3      | Reached skill level 6 in Conjurations
   641 | D:3      | Reached XP level 3. HP: 10/19 MP: 3/7
  1216 | D:3      | Reached XP level 4. HP: 24/24 MP: 4/8
  1248 | D:3      | Reached skill level 7 in Conjurations
  1927 | D:3      | Found a white marble altar of Elyvilon.
  2303 | D:4      | Gained mutation: Your magical nature lets you fly swiftly
                  | and evasively. [Tengu growth]
  2303 | D:4      | Reached XP level 5. HP: 28/28 MP: 7/10
  2447 | D:2      | Noticed Robin
  2454 | D:2      | Killed Robin
  3091 | D:2      | Noticed an ogre
  3094 | D:2      | Killed an ogre
  3095 | D:2      | Reached skill level 8 in Conjurations
  3095 | D:2      | Reached XP level 6. HP: 32/32 MP: 6/12
  3378 | D:2      | Killed Terence
  3839 | D:4      | Found Sutreib's Antique Armour Boutique.
  3843 | D:4      | Noticed a necrophage
  3860 | D:3      | Killed a necrophage
  4440 | D:4      | Reached XP level 7. HP: 36/36 MP: 10/14
  4767 | D:4      | Reached skill level 9 in Conjurations
  5122 | D:5      | Entered Level 5 of the Dungeon
  5257 | D:5      | Found a sacrificial altar of Ru.
  5258 | D:5      | Noticed Edmund
  5268 | D:5      | Killed Edmund
  5269 | D:5      | Reached skill level 5 in Spellcasting
  5580 | D:5      | Found a sand-covered staircase.
  5590 | Ossuary  | Entered an ossuary
  6163 | Ossuary  | Reached XP level 8. HP: 42/42 MP: 2/17
  6501 | Ossuary  | Reached skill level 10 in Conjurations
  7254 | D:5      | Found an ornate altar of the Wu Jian Council.
  7259 | D:5      | Found a bloodstained altar of Trog.
  7320 | D:5      | Found a staircase to the Ecumenical Temple.
  7346 | Temple   | Entered the Ecumenical Temple
  7517 | Temple   | Became a worshipper of Vehumet
  7558 | D:5      | Found Zeong's General Store.
  7672 | D:5      | Bought a scroll of identify for 26 gold pieces
  7816 | D:6      | Found Ceroihaf's Neck Hole.
  8085 | D:6      | Noticed a two-headed ogre
  8133 | D:6      | Killed a two-headed ogre
  8134 | D:6      | Reached skill level 11 in Conjurations
  8134 | D:6      | Reached XP level 9. HP: 10/46 MP: 10/21
  9616 | D:7      | Reached skill level 12 in Conjurations
  9938 | D:7      | Noticed Harold
 10062 | D:7      | HP: 1/46 [Harold/harpoon shot (16)]
 10083 | D:7      | Killed Harold
 10451 | D:7      | Reached skill level 13 in Conjurations
 10697 | D:8      | Noticed a hornet
 10703 | D:8      | Paralysed by a hornet for 3 turns
 10708 | D:8      | Paralysed by a hornet for 3 turns
 10709 | D:8      | HP: 2/46 [poisoned by a hornet]
 10709 | D:8      | Mangled by a hornet

Illustrated notes

Levels and vault maps discovered:
D:1:      heliophobic_arrival_glass_houses, layout_basic,
          chequers_ecumenical_altar_twisty
D:2:      layout_loops_ring, uniq_terence, uniq_robin
D:3:      layout_loops_corners, nicolae_elyvilon_peaceful_grove
D:4:      layout_rooms, serial_shops, shop
D:5:      layout_layer_cave, nicolae_ru_awakened_eye,
          mainiacjoe_overflow_big_doors, minmay_temple_entry_tees, serial_shops,
          nicolae_square_shop, gup_ossuary_entry_pyramid, dk_noncrumbling_4,
          uniq_edmund
D:6:      layout_cave_pods, nicolae_shop_sticking_my_neck_out
D:7:      layout_rooms, minmay_misc_feat_iff, st_stairs_6, kennysheep_donut,
          uniq_harold
D:8:      layout_basic, lemuel_coloured_pillars_altar, hangedman_decor_points,
          uniq_maurice, uniq_grum, uniq_prince_ribbit1, uniq_pikel
Temple:   eino_temple_rhombus

Skill      XL: |  1  2  3  4  5  6  7  8  9 |
---------------+----------------------------+-----
Conjurations   | 6 7 8 9 11 13 | 13.0
Spellcasting   | 3 4 5 7 8 |  8.7
Dodging        | 3 4 |  4.5
Fighting       | |  0.7
Stealth        | |  2.0

Action                   |  1- 3 |  4- 6 |  7- 9 || total
-------------------------+-------+-------+-------++-------
Melee: Unarmed           |       |       |     2 ||     2
       Peck              |       |       |     2 ||     2
       Kick              |       |       |     1 ||     1
 Cast: Magic Dart        |    27 |   109 |   144 ||   280
       Searing Ray       |     4 |    15 |    64 ||    83
  Use: Potion            |       |     2 |     3 ||     5
       Scroll            |       |       |     8 ||     8
Armor: Robe              |     1 |     4 |     3 ||     8
Dodge: Dodged            |     6 |    28 |    82 ||   116
